[Event "Josef Kupper Memorial 2019"]
[Site "Zurich"]
[Date "2019.08.18"]
[Round "7.14"]
[White "Sutter, Oliver"]
[Black "Pavlovic, Milos"]
[Result "0-1"]
[ECO "E59"]
[WhiteElo "2344"]
[BlackElo "2502"]
[Annotator "ChessBase"]
[PlyCount "78"]
[EventDate "2019.08.14"]
[EventType "swiss"]
[EventCountry "SUI"]
[SourceTitle "playchess.com"]
[Source "ChessBase"]
[SourceQuality "1"]
[TimeControl "40/5400+30:1800+30"]

1. d4 d5 2. c4 e6 3. Nc3 Bb4 4. e3 Nf6 5. Bd3 O-O 6. Nf3 dxc4 7. Bxc4 c5 8. O-O Nc6 9. a3 Bxc3 10. bxc3 Qc7 11. Bb2 e5 12. Be2 e4 13. Nd2 Re8 14. h3 Bf5 15. Qc2 Rac8 16. c4 cxd4 17. exd4 Ne7 18. Qb3 Ng6 19. Qe3 Nf4 20. d5 Nd7 21. Rfe1 Nc5 22. Bd4 b6 23. Bf1 Ncd3 24. Bxd3 Nxd3 25. Red1 Bg6 26. Bc3 f5 27. Qd4 f4 28. Nb3 Qf7 29. a4 f3 30. a5 Nf4 31. Rd2 fxg2 32. axb6 axb6 33. c5 Nxh3+ 34. Kxg2 Nf4+ 35. Kg3 bxc5 36. Nxc5 Rxc5 37. Qxc5 Qf5 38. f3 e3 39. Qd4 Qh3+ 0-1

[Event "Josef Kupper Memorial 2019"]
[Site "Zurich"]
[Date "2019.08.18"]
[Round "7.15"]
[White "Arjun Kalyan"]
[Black "Sukandar, Irine Kharisma"]
[Result "1-0"]
[ECO "B39"]
[WhiteElo "2482"]
[BlackElo "2385"]
[Annotator "ChessBase"]
[PlyCount "109"]
[EventDate "2019.08.14"]
[EventType "swiss"]
[EventCountry "SUI"]
[SourceTitle "playchess.com"]
[Source "ChessBase"]
[SourceQuality "1"]
[TimeControl "40/5400+30:1800+30"]

1. e4 c5 2. Nf3 Nc6 3. d4 cxd4 4. Nxd4 g6 5. c4 Bg7 6. Be3 Nf6 7. Nc3 Ng4 8. Qxg4 Nxd4 9. Qd1 e5 10. Bd3 d6 11. O-O O-O 12. Qd2 Be6 13. Rac1 Rc8 14. b3 a6 15. Rfd1 Qd7 16. Ne2 Bg4 17. Bxd4 Bxe2 18. Qxe2 exd4 19. f4 Rfe8 20. Qf3 Qc7 21. Rc2 Qa5 22. h4 Kh8 23. g4 b5 24. Re2 b4 25. g5 h5 26. Rde1 Qc7 27. e5 dxe5 28. f5 Qd6 29. Qe4 Rc6 30. f6 Bf8 31. Qd5 Qxd5 32. cxd5 Rc3 33. Rxe5 Rxe5 34. Rxe5 Bd6 35. Re8+ Kh7 36. Rd8 Rxd3 37. Rxd6 Re3 38. Kf2 Re4 39. Rc6 d3 40. Rc1 Rd4 41. Ke3 Rxd5 42. Rd1 Re5+ 43. Kxd3 Rd5+ 44. Ke2 Re5+ 45. Kf3 Rf5+ 46. Kg3 Ra5 47. Rd7 Rxa2 48. Rxf7+ Kg8 49. Rg7+ Kf8 50. Rxg6 Rb2 51. Rh6 Rxb3+ 52. Kf4 Rb1 53. g6 Kg8 54. Kg5 Rf1 55. f7+ 1-0

[Event "Josef Kupper Memorial 2019"]
[Site "Zurich"]
[Date "2019.08.18"]
[Round "7.16"]
[White "Meier, Volker"]
[Black "Gaehwiler, Gabriel"]
[Result "1/2-1/2"]
[ECO "A36"]
[WhiteElo "2281"]
[BlackElo "2397"]
[Annotator "NA"]
[PlyCount "34"]
[EventDate "2019.08.14"]
[EventType "swiss"]
[EventCountry "SUI"]
[SourceTitle "playchess.com"]
[Source "ChessBase"]
[SourceQuality "1"]
[TimeControl "40/5400+30:1800+30"]

1. c4 g6 2. Nc3 Bg7 3. g3 c5 4. Bg2 Nc6 5. e4 e6 6. Nge2 Nge7 7. O-O O-O 8. d3 d6 9. Be3 Nd4 10. Qd2 Bd7 11. Bh6 Bxh6 12. Qxh6 Bc6 13. Qd2 d5 14. cxd5 Nxe2+ 15. Nxe2 exd5 16. Qc3 dxe4 17. dxe4 b6 1/2-1/2